 Dungeon Crawl Stone Soup version 0.32-a0-918-g0f22ef8d61 (console) character file.

Game seed: 11263839941836263350

769 jejorda2 the Poker (level 7, -2/60 HPs)
             Began as a Gnoll Berserker on Apr 11, 2024.
             Was a Believer of Trog.
             Slain by a yak (10 damage)
             ... on level 6 of the Dungeon.
             The game lasted 00:06:39 (4001 turns).

jejorda2 the Poker (Gnoll Berserker)                Turns: 4001, Time: 00:06:39

Health: -2/60      AC: 13    Str: 18    XL:     7   Next: 82%
Magic:  11/11      EV: 16    Int:  6    God:    Trog [**....]
Gold:   288        SH:  0    Dex: 12    Spells: 11/11 levels left

rFire   . . .        b - +0 scythe
rCold   . . .        (shield currently unavailable)
rNeg    . . .        s - +3 ring mail
rPois   +            j - +0 helmet
rElec   .            p - +2 cloak {rPois}
rCorr   .            (no gloves)
SInv    .            (no boots)
Will    ++...        (no amulet)
Stlth   +            c - +5 ring of evasion
HPRegen 1.30/turn    (no ring)
MPRegen 0.12/turn

%: no passive effects
@: strong-willed (expiring), on berserk cooldown, regenerating (expiring),
slowed, very slow
A: fangs 1, strong nose, distributed training
a: Renounce Religion, Berserk, Trog's Hand


You were on level 6 of the Dungeon.
You worshipped Trog.
Trog was pleased with you.
You visited 1 branch of the dungeon, and saw 6 of its levels.

You collected 288 gold pieces.

Inventory:

Hand Weapons
 a - a +0 spear
 b - a +0 scythe (weapon)
Missiles
 n - a throwing net (quivered)
Armour
 j - a +0 helmet (worn)
 p - a +2 cloak of poison resistance (worn)
 s - a +3 ring mail (worn)
Jewellery
 c - a +5 ring of evasion (left hand)
Wands
 u - a wand of warping (9)
Scrolls
 d - 2 scrolls of revelation {unknown}
 e - 4 scrolls of teleportation {unknown}
 i - 4 scrolls of fog {unknown}
 l - a scroll of amnesia {unknown}
 m - 2 scrolls of identify {unknown}
 q - a scroll of poison {unknown}
Potions
 f - 3 potions of curing {unknown}
 g - 2 potions of heal wounds {unknown}
 h - a potion of ambrosia {unknown}
 k - a potion of brilliance {unknown}
 o - 2 potions of haste {unknown}
 r - a potion of lignification {unknown}
 t - a potion of mutation {unknown}
 v - a potion of enlightenment {unknown}
 w - a potion of berserk rage {unknown}


   Skills:
 + Level 7.2 Fighting
 + Level 2.8 Short Blades
 + Level 2.8 Long Blades
 + Level 2.8 Axes
 + Level 2.8 Maces & Flails
 + Level 7.2 Polearms
 + Level 2.8 Staves
 + Level 2.8 Ranged Weapons
 + Level 2.8 Throwing
 + Level 5.4 Armour
 + Level 5.4 Dodging
 + Level 2.8 Stealth
 + Level 2.8 Shields
 + Level 2.8 Unarmed Combat
 + Level 2.8 Spellcasting
 + Level 2.3 Conjurations
 + Level 2.3 Hexes
 + Level 2.3 Summonings
 + Level 2.3 Necromancy
 + Level 2.3 Translocations
 + Level 2.3 Fire Magic
 + Level 2.3 Ice Magic
 + Level 2.3 Air Magic
 + Level 2.3 Earth Magic
 + Level 2.3 Alchemy
 + Level 3.1 Invocations
 + Level 2.8 Evocations
 + Level 2.5 Shapeshifting


You had 11 spell levels left.
You didn't know any spells.
Your spell library was empty.

Dungeon Overview and Level Annotations

Branches:
Dungeon (6/15)             Temple (0/1) D:5

Altars:
Cheibriados
Dithmenos
Elyvilon
Ru
Sif Muna

Shops:
D:3 :

Annotations:
D:6 Blork the orc


Innate Abilities, Weirdness & Mutations

You have very sharp teeth.
Your uncanny sense of smell can sniff out nearby items.
Your experience applies equally to all skills.


Message History

The rupture engulfs something!
Reactivating autopickup.
The yak moves out of view.
The scorpion moves out of view.
You hear a bellow!
The yak bellows!
You hear a shout!
A yak comes into view.
The orc hits you but does no damage.
An orc warrior comes into view. It is wielding a +0 glaive.
The orc warrior shouts!
Blork the orc mumbles some strange words.
Blork the orc seems to speed up.
An orc comes into view. It is wielding a +0 whip.
The orc shouts!
The orc warrior barely misses you.
Found a stone staircase leading up.
Blork the orc points at you and mumbles some strange words.
The magic dart hits you!
The orc warrior hits you with a +0 glaive!
The orc warrior hits you with a +0 glaive.
The orc closely misses you.
You hit the orc.
The orc is almost dead.
Blork the orc begins to cast a cantrip, but forgets the words!
The orc warrior hits you with a +0 glaive.
The orc barely misses you. The yak closely misses you. The orc misses you.
The orc warrior closely misses you.
You barely miss the orc.
The orc is almost dead.
You feel the effects of Trog's Hand fading.
The yak gores you! The orc warrior barely misses you.
An orc priest comes into view. It is wielding a +0 dagger.
The orc misses you. The yak closely misses you.
You puncture the orc!
You kill the orc!
Trog accepts your kill. The orc warrior closely misses you. The yak gores you.
The orc warrior hits you with a +0 glaive!
* * * LOW HITPOINT WARNING * * *
The orc priest miscasts a cantrip.
The yak gores you!
You die...

.# ... .###...
o..#..#... ......#....
#..........
#.#####..........
+.<...)o##.......
#@#.Y.....
...###Y#YY.....
#.....oYo..#
..##..#####os..#
...... ##.##.# #....
##.....#.###..
#....###...........o.
##..............).....
#............#.......


You could see 2 yaks, Blork the orc (fast), an orc warrior, a scorpion, an orc
priest, an orc wizard and an orc.

Vanquished Creatures
  Sigmund (D:5)
  A centaur (D:5)
  2 scorpions
  A bombardier beetle (D:3)
  An orc priest (D:5)
  3 hounds
  Crazy Yiuf (D:3)
  2 iguanas (D:5)
  An orc wizard (D:3)
  7 adders
  A ribbon worm (D:4)
  4 dart slugs
  7 orcs
  8 endoplasms
  3 giant cockroaches
  9 hobgoblins
  4 jackals (D:5)
  5 kobolds
  4 quokkas
  8 ball pythons
  3 bats (D:1)
  A frilled lizard (D:1)
  5 goblins
  9 rats
91 creatures vanquished.

Vanquished Creatures (others)
  An orc wizard (D:6)
  A ball python (D:3)
2 creatures vanquished.

Grand Total: 93 creatures vanquished

Notes
Turn   | Place    | Note
-------+----------+-------------------------------------------
     0 | D:1      | jejorda2 the Gnoll Berserker began the quest for the Orb.
     0 | D:1      | Reached XP level 1. HP: 23/23 MP: 1/1
   222 | D:1      | Reached XP level 2. HP: 29/29 MP: 2/2
   663 | D:1      | Reached XP level 3. HP: 35/35 MP: 3/3
   717 | D:1      | Reached ** piety under Trog
   879 | D:2      | Reached skill level 1 in Invocations
  1007 | D:2      | Reached skill level 1 in Short Blades
  1007 | D:2      | Reached skill level 1 in Long Blades
  1007 | D:2      | Reached skill level 1 in Axes
  1007 | D:2      | Reached skill level 1 in Maces & Flails
  1007 | D:2      | Reached skill level 1 in Staves
  1007 | D:2      | Reached skill level 1 in Ranged Weapons
  1007 | D:2      | Reached skill level 1 in Throwing
  1007 | D:2      | Reached skill level 1 in Stealth
  1007 | D:2      | Reached skill level 1 in Shields
  1007 | D:2      | Reached skill level 1 in Unarmed Combat
  1007 | D:2      | Reached skill level 1 in Spellcasting
  1007 | D:2      | Reached skill level 1 in Evocations
  1315 | D:2      | Reached skill level 1 in Shapeshifting
  1315 | D:2      | Reached XP level 4. HP: 41/41 MP: 5/5
  1866 | D:3      | Reached skill level 1 in Conjurations
  1866 | D:3      | Reached skill level 1 in Hexes
  1866 | D:3      | Reached skill level 1 in Summonings
  1866 | D:3      | Reached skill level 1 in Necromancy
  1866 | D:3      | Reached skill level 1 in Translocations
  1866 | D:3      | Reached skill level 1 in Fire Magic
  1866 | D:3      | Reached skill level 1 in Ice Magic
  1866 | D:3      | Reached skill level 1 in Air Magic
  1866 | D:3      | Reached skill level 1 in Earth Magic
  1866 | D:3      | Reached skill level 1 in Alchemy
  1896 | D:3      | Reached XP level 5. HP: 47/47 MP: 7/7
  2136 | D:3      | Found Assad's Book Shop.
  2231 | D:3      | Found a faded altar of an unknown god.
  2288 | D:3      | Found a runed translucent door.
  2289 | D:3      | Noticed Crazy Yiuf
  2299 | D:3      | Killed Crazy Yiuf
  2330 | D:3      | Found a shimmering blue altar of Sif Muna.
  2334 | D:3      | Found a sacrificial altar of Ru.
  2433 | D:3      | Found a snail-covered altar of Cheibriados.
  2454 | D:3      | Reached XP level 6. HP: 50/53 MP: 8/8
  2543 | D:3      | Found a faded altar of an unknown god.
  2550 | D:3      | Found a shadowy altar of Dithmenos.
  2735 | D:4      | Reached skill level 5 in Armour
  2735 | D:4      | Reached skill level 5 in Dodging
  3096 | D:5      | Entered Level 5 of the Dungeon
  3096 | D:5      | Noticed Sigmund
  3115 | D:5      | Killed Sigmund
  3116 | D:5      | Reached XP level 7. HP: 60/60 MP: 10/10
  3197 | D:5      | Found a staircase to the Ecumenical Temple.
  3734 | D:5      | Found a white marble altar of Elyvilon.
  3761 | D:5      | Identified the +1 ring mail "Damnable Contraption" {MP+9
                  | Str+3}
  3978 | D:6      | Noticed Blork the orc
  3994 | D:6      | Noticed a yak
  3994 | D:6      | Noticed a yak
  3994 | D:6      | Noticed a yak
  3995 | D:6      | Noticed a yak
  4001 | D:6      | Slain by a yak

Illustrated notes

Levels and vault maps discovered:
D:1:      giann_wishing_wells, layout_loops_ring
D:2:      layout_basic, moated_statue
D:3:      layout_basic, slow_altar_2, nicolae_overflow_ecumenical_swirl,
          mainiacjoe_overflow_catch_the_wave,
          shapermc_ecumenical_altar_mp_urbaneastern, serial_shops, shop,
          uniq_crazy_yiuf_cottage
D:4:      layout_cave_pools
D:5:      layout_cave_pods, nicolae_elyvilon_peaceful_grove,
          minmay_temple_entry_proselytizer, uniq_sigmund
D:6:      layout_cave_pools, mainiacjoe_overflow_24_doors, uniq_blork_the_orc

Skill      XL: |  1  2  3  4  5  6  7 |
---------------+----------------------+-----
Invocations    | 1 2 3 |  3.1
Short Blades   | 1 2 |  2.8
Long Blades    | 1 2 |  2.8
Axes           | 1 2 |  2.8
Maces & Flails | 1 2 |  2.8
Staves         | 1 2 |  2.8
Ranged Weapons | 1 2 |  2.8
Throwing       | 1 2 |  2.8
Stealth        | 1 2 |  2.8
Shields        | 1 2 |  2.8
Unarmed Combat | 1 2 |  2.8
Spellcasting   | 1 2 |  2.8
Evocations     | 1 2 |  2.8
Shapeshifting  | 1 2 |  2.5
Conjurations   | 1 2 |  2.3
Hexes          | 1 2 |  2.3
Summonings     | 1 2 |  2.3
Necromancy     | 1 2 |  2.3
Translocations | 1 2 |  2.3
Fire Magic     | 1 2 |  2.3
Ice Magic      | 1 2 |  2.3
Air Magic      | 1 2 |  2.3
Earth Magic    | 1 2 |  2.3
Alchemy        | 1 2 |  2.3
Armour         | 5 |  5.4
Dodging        | 5 |  5.4
Fighting       | 7 |  7.2
Polearms       | 7 |  7.2

Action                     |  1- 3 |  4- 6 |  7- 9 || total
---------------------------+-------+-------+-------++-------
  Melee: Spear             |   114 |   220 |       ||   334
         Bite              |     4 |    21 |     6 ||    31
         Halberd           |       |       |    56 ||    56
 Invoke: Trog's Hand       |       |     2 |     1 ||     3
         Berserk           |       |     2 |     1 ||     3
   Stab: Sleeping          |     6 |       |       ||     6
 Armour: Animal skin       |    32 |       |       ||    32
         Ring mail         |       |    49 |    31 ||    80
  Dodge: Dodged            |    51 |    75 |    56 ||   182

Table legend: (Time is in decaauts)
 A = Elapsed time spent in this place.
 B = Non-inter-level travel time spent in this place.
 C = Inter-level travel time spent in this place.
 D = Time resting spent in this place.
 E = Time spent auto-exploring this place.
 F = Levels seen in this place.
 G = Mean time per level.
                   A        B        C        D        E       F      G
               +--------+--------+--------+--------+--------+-----+--------+
         Total |   3947 |   3757 |    190 |     17 |   2976 |   6 |  657.8 |
       Dungeon |   3947 |   3757 |    190 |     17 |   2976 |   6 |  657.8 |
               +--------+--------+--------+--------+--------+-----+--------+

Top non-repeatable levels by time:
     D:2: 931 daAuts
     D:1: 852 daAuts
     D:5: 845 daAuts
     D:3: 768 daAuts
     D:4: 522 daAuts
     D:6: 27 daAuts
